Map: Shipwrecked LE

Players

Malaki

  • Race: Protoss Protoss
  • Spawn Location: 5:00

Commodus

  • Race: Protoss Protoss
  • Spawn Location: 6:00

Jesús

  • Race: Protoss Protoss
  • Spawn Location: 5:00

PsiStormWind

  • Race: Terran Terran
  • Spawn Location: 3:00

barry

  • Race: Protoss Protoss
  • Spawn Location: 12:00

Crisman

  • Race: Protoss Protoss
  • League: Platinum
  • Spawn Location: 11:00

crosseyed

  • Race: Terran Terran
  • Spawn Location: 9:00

Eagle

  • Race: Protoss Protoss
  • Spawn Location: 9:00

VOD

Have the link to the VOD?

Description

Time

  • Played on: June 18, 2022, 12:19 a.m.
  • Length: 2:51
Show
View Real Time Build Order
Export as new Build Order

Malaki Protoss 

Build Orders:  

Get SALT Encoding   

  12  2:16  Probe (Chrono Boost)  
  13  2:25  Probe (Chrono Boost)  
  13  2:28  Pylon  
  14  2:30  Probe (Chrono Boost)  
  14  2:33  Pylon  
  15  2:46  Nexus  
Show
View Real Time Build Order
Export as new Build Order

Commodus Protoss 

Build Orders:  

Get SALT Encoding   

  12  0:02  Probe (Chrono Boost)  
  13  0:12  Probe (Chrono Boost)  
  14  0:18  Assimilator  
  14  0:30  Pylon  
  14  0:33  Assimilator  
  14  0:35  Probe  
  15  0:48  Probe  
  16  0:55  Gateway  
  16  1:00  Probe  
  17  1:12  Probe  
  18  1:24  Probe  
  19  1:36  Probe  
  20  1:47  Cybernetics Core  
  20  1:48  Probe  
  21  1:57  Pylon  
  21  2:00  Probe  
  22  2:12  Probe  
  23  2:24  Stargate  
  23  2:25  Probe  
  23  2:27  Stargate  
  25  2:37  Probe  
Show
View Real Time Build Order
Export as new Build Order

Jesús Protoss 

Build Orders: Nexus First 

Get SALT Encoding   

  12  0:11  Probe (Chrono Boost)  
  13  0:21  Probe (Chrono Boost)  
  14  0:26  Probe (Chrono Boost)  
  15  0:51  Nexus  
  15  0:58  Assimilator  
  15  1:01  Assimilator  
  15  1:12  Pylon  
  15  1:29  Probe (Chrono Boost)  
  16  1:38  Probe  
  17  1:50  Probe  
  18  1:54  Gateway  
  18  2:03  Probe (Chrono Boost)  
  18  2:07  Probe (Chrono Boost)  
  20  2:12  Probe (Chrono Boost)  
  22  2:16  Probe (Chrono Boost)  
  22  2:17  Probe (Chrono Boost)  
  23  2:50  Assimilator  
Show
View Real Time Build Order
Export as new Build Order

PsiStormWind Terran 

Build Orders:  

Get SALT Encoding   

  12  0:01  SCV  
  13  0:13  SCV  
  14  0:20  Supply Depot  
  14  0:25  SCV  
  15  0:35  Engineering Bay  
  15  0:42  SCV  
  16  0:46  Refinery  
  16  0:54  SCV  
  17  1:02  Barracks  
  17  1:06  SCV  
  18  1:15  Supply Depot  
  18  1:18  SCV  
  19  1:30  SCV  
  20  1:42  SCV  
  21  2:04  Orbital Command  
  21  2:05  Command Center  
  21  2:20  Refinery  
  20  2:35  SCV  
Show
View Real Time Build Order
Export as new Build Order

barry Protoss 

Build Orders: 1 Gate Expand 

Get SALT Encoding   

  12  0:01  Probe  
  13  0:14  Probe  
  14  0:21  Pylon  
  14  0:26  Probe  
  15  0:39  Probe  
  16  0:45  Gateway  
  16  0:51  Probe  
  17  1:04  Probe  
  18  1:21  Nexus, Probe  
  19  1:33  Probe  
  20  1:40  Cybernetics Core  
  20  1:46  Forge  
  20  1:47  Probe  
  20  1:50  Assimilator  
  21  1:56  Assimilator  
  21  2:00  Probe  
  22  2:12  Probe  
  23  2:30  Pylon  
  23  2:32  Probe  
  23  2:35  Pylon  
  23  2:36  Probe  
  25  2:48  Photon Cannon  
  25  2:50  Photon Cannon  
Show
View Real Time Build Order
Export as new Build Order

Crisman Protoss 

Build Orders:  

Get SALT Encoding   

  12  0:02  Probe (Chrono Boost)  
  14  0:14  Probe (Chrono Boost)  
  14  0:20  Probe (Chrono Boost)  
  15  0:28  Pylon  
  15  0:34  Pylon  
  15  0:49  Gateway  
  15  0:58  Forge  
  15  1:02  Probe  
  16  1:05  Assimilator  
  16  1:14  Probe  
  17  1:26  Probe  
  18  1:39  Photon Cannon  
  18  1:52  Photon Cannon  
  18  2:08  Probe  
  18  2:09  Nexus  
  19  2:18  Pylon  
  19  2:26  Probe (Chrono Boost)  
  20  2:36  Probe (Chrono Boost)  
  22  2:49  Cybernetics Core  
Show
View Real Time Build Order
Export as new Build Order

crosseyed Terran 

Build Orders:  

Get SALT Encoding   

  12  0:00  SCV  
  13  0:13  SCV  
  14  0:25  SCV  
  15  0:31  Supply Depot  
  15  0:52  SCV  
  15  0:53  Barracks  
  16  1:04  SCV  
  16  1:08  Barracks  
  16  1:09  Refinery  
  17  1:16  SCV  
  18  1:42  Command Center  
  18  1:50  Orbital Command  
  18  1:58  Marine  
  18  1:59  Marine  
  20  2:16  Marine x2  
  20  2:17  SCV  
  23  2:36  Supply Depot  
  23  2:37  Refinery  
Show
View Real Time Build Order
Export as new Build Order

Eagle Protoss 

Build Orders:  

Get SALT Encoding   

  12  0:01  Probe (Chrono Boost)  
  13  0:10  Probe (Chrono Boost)  
  14  0:15  Probe (Chrono Boost)  
  15  0:23  Pylon  
  15  0:31  Assimilator  
  15  0:41  Probe  
  16  0:46  Forge  
  16  0:53  Probe (Chrono Boost)  
  17  1:00  Assimilator  
  17  1:05  Probe (Chrono Boost)  
  18  1:14  Probe (Chrono Boost)  
  19  1:20  Probe  
  20  1:32  Probe, Pylon  
  21  1:44  Probe  
  22  1:56  Probe  
  23  2:04  Nexus  
  23  2:13  Pylon  
  23  2:21  Pylon  
  23  2:27  Assimilator  
  23  2:31  Assimilator  
  23  2:44  Photon Cannon  
  23  2:49  Photon Cannon  
Tags
 
Add a new tag
Caveats
  • Supply blocks, unpowered buildings, or Contaminate may cause inaccurate times.
  • Supply counts are checked every 10 seconds.